 Dungeon Crawl Stone Soup version 0.18-a0-739-gdae9da8 (webtiles) character file.

1642 cluie the Insei (level 8, 0/65 HPs)
             Began as a Demonspawn Transmuter on Dec 10, 2015.
             Was an Initiate of Ru.
             Slain by a goblin
             ... wielding a +0 hand axe
              (4 damage)
             ... on level 8 of the Dungeon.
             The game lasted 00:08:55 (4063 turns).

cluie the Insei (Demonspawn Transmuter)             Turns: 4063, Time: 00:08:55

Health: 0/65       AC: 11    Str: 11    XL:     8   Next: 67%
Magic:  8/11       EV: 15    Int: 14    God:    Ru [......]
Gold:   251        SH:  0    Dex: 16    Spells: 2 memorised, 8 levels left

rFire  . . .     SeeInvis .       - Unarmed
rCold  . . .     Clarity  .     b - +0 robe
rNeg   . . .     SustAt   .     (no shield)
rPois  .         Gourm    .     h - +2 helmet
rElec  .         Spirit   .     (no cloak)
rCorr  .         Dismiss  .     (no gloves)
rMut   .         Stasis   .     q - +2 pair of boots
MR     .....                    (no amulet)
Stlth  +.........               (no ring)
                                (no ring)

@: not resistant to hostile enchantments, very unstealthy
A: claws 1, yellow scales 2, spiny 2
a: Renounce Religion


You were on level 8 of the Dungeon.
You worshipped Ru.
Ru was noncommittal.
You were not hungry.

You visited 2 branches of the dungeon, and saw 9 of its levels.
You also visited: Ossuary.

You collected 251 gold pieces.

Inventory:

Hand Weapons
 x - a +1 blowgun
Missiles
 a - 80 arrows
 t - a throwing net (quivered)
 y - 22 poisoned needles
Armour
 b - a +0 robe (worn)
 h - a +2 helmet (worn)
 q - a +2 pair of boots (worn)
Wands
 r - a wand of polymorph (22)
Scrolls
 e - a scroll of identify
 f - 5 scrolls of remove curse
 g - 2 scrolls of random uselessness
 k - 3 scrolls of teleportation
 n - a scroll of enchant weapon
 p - a scroll of recharging
 A - a scroll of immolation
 B - a scroll of enchant armour
Potions
 i - a potion of lignification
 l - a potion of might
 m - a potion of curing
 o - 3 potions of flight
 s - 4 potions of brilliance
 u - 2 potions of mutation
Books
 c - a book of Changes

   Spells                             Type                      Level
   a - Beastly Appendage              Transmutation                1
   b - Sticks to Snakes               Transmutation                2
   c - Spider Form                    Transmutation/Poison         3
   d - Ice Form                       Ice/Transmutation            4
   e - Blade Hands                    Transmutation                5
Comestibles
 d - 5 bread rations
 j - 2 meat rations
 v - a royal jelly
 w - 6 fruits


   Skills:
 + Level 6.3 Fighting
 * Level 5.5 Dodging
 * Level 6.9 Unarmed Combat
 - Level 2.0 Spellcasting
 - Level 1.7 Transmutations


You had 8 spell levels left.
You knew the following spells:

 Your Spells              Type           Power        Failure   Level  Hunger
a - Beastly Appendage     Trmt           #.....       14%         1    ##.....
b - Sticks to Snakes      Trmt           #.......     21%         2    ###....


Dungeon Overview and Level Annotations

Branches:
Dungeon (8/15)             Temple (1/1) D:4
   Lair: D:8-11

Altars:
Ashenzari
Cheibriados
Dithmenos
Elyvilon
Fedhas
Gozag
Kikubaaqudgha
Makhleb
Nemelex Xobeh
Okawaru
Pakellas
Qazlal
Ru
Sif Muna
Trog
Vehumet
Xom
Yredelemnul
Zin
The Shining One


Innate Abilities, Weirdness & Mutations

You have sharp fingernails.
You are mostly covered in yellow scales (AC +3).
You are mostly covered in sharp spines.


Message History

Unknown command.
You scratch the orc priest.
The orc priest is heavily wounded.
Unknown command.
You scratch the orc priest but do no damage.
The orc priest is heavily wounded.
The orc priest calls down the wrath of Beogh upon you.
Something smites you!
* * * LOW HITPOINT WARNING * * *
The goblin hits you with a hand axe.
* * * LOW HITPOINT WARNING * * *
You scratch the orc priest but do no damage.
The orc priest is heavily wounded.
The orc priest is struck by your spines.
The orc priest hits you but does no damage.
Unknown command.
You scratch the orc priest.
The orc priest is severely wounded.
The goblin hits you with a hand axe.
You die...

##.. #.. ###.###
### #.....# #.#
#.....# #.# .
#.....# #.####.#
#.o...#####o......
#@)........o......
#g)...#####o.#....
#.....# #†....#.
#.....# #.##..#
#.....# #o##..#
.......# #oo...#
#.####### #o.#.##
#. ###..#.##. #
#.........


You could see an orc priest and a goblin.

Vanquished Creatures
  A hungry ghost (D:7)
  The ghost of cluie the Insei, an amateur DsTm (D:3)
  A phantom (D:6)
  An orc warrior (D:8)
  An ogre (D:5)
  A giant frog (D:4)
  A wyvern zombie (D:6)
  A scorpion (D:4)
  A jelly (D:5)
  3 orc wizards (D:4)
  4 orc priests
  A giant frog skeleton (D:5)
  4 iguanas
  Natasha (thrice) (D:3)
  3 worker ants
  2 mummies (Ossuary)
  A hound skeleton (D:8)
  7 gnolls
  A shadow imp (D:5)
  6 adders
  4 worms
  2 giant geckos (D:3)
  18 orcs
  A ball python (D:4)
  5 bats
  5 gnoll zombies (Ossuary)
  9 goblins
  9 hobgoblins
  5 jackals
  5 kobolds
  A giant gecko skeleton (D:4)
  4 giant newts
  2 gnoll skeletons (Ossuary)
  2 goblin skeletons (Ossuary)
  4 goblin zombies (Ossuary)
  3 hobgoblin skeletons (Ossuary)
  A hobgoblin zombie (Ossuary)
  5 kobold skeletons (Ossuary)
  2 kobold zombies (Ossuary)
  2 orc skeletons (Ossuary)
  An orc zombie (Ossuary)
  A quokka skeleton (D:5)
  5 rats
  A rat skeleton (Ossuary)
  4 rat zombies (Ossuary)
145 creatures vanquished.

Vanquished Creatures (collateral kills)
  2 ogres
  A wyvern zombie (D:7)
  A hound (D:8)
  4 goblins (D:3)
8 creatures vanquished.

Vanquished Creatures (others)
  Menkaure (Ossuary)
  A mummy (Ossuary)
  A gnoll zombie (Ossuary)
  A goblin zombie (Ossuary)
  3 hobgoblin skeletons (Ossuary)
  3 kobold skeletons (Ossuary)
  2 kobold zombies (Ossuary)
  3 orc skeletons (Ossuary)
  3 orc zombies (Ossuary)
  A rat skeleton (Ossuary)
  A rat zombie (Ossuary)
20 creatures vanquished.

Grand Total: 173 creatures vanquished

Notes
Turn   | Place    | Note
--------------------------------------------------------------
     0 | D:1      | cluie the Demonspawn Transmuter began the quest for the Orb.
     0 | D:1      | Reached XP level 1. HP: 15/15 MP: 3/3
   286 | D:1      | Gained mutation: You are partially covered in sharp spines. [demonic ancestry]
   286 | D:1      | Reached XP level 2. HP: 9/21 MP: 5/5
   578 | D:2      | Found an opulent altar of Gozag.
   578 | D:2      | Found a deep blue altar of Sif Muna.
   578 | D:2      | Found an iron altar of Okawaru.
   579 | D:2      | Found a bloodstained altar of Trog.
   579 | D:2      | Found a stormy altar of Qazlal.
   579 | D:2      | Found a shadowy altar of Dithmenos.
   586 | D:2      | Reached skill level 3 in Unarmed Combat
   590 | D:2      | Found a radiant altar of Vehumet.
   659 | D:2      | Gained mutation: You are mostly covered in sharp spines. [demonic ancestry]
   659 | D:2      | Reached XP level 3. HP: 15/27 MP: 6/6
   686 | D:2      | Learned a level 2 spell: Sticks to Snakes
   809 | D:2      | Found a snail-covered altar of Cheibriados.
  1203 | D:3      | Reached XP level 4. HP: 19/34 MP: 7/7
  1281 | D:3      | Gained mutation: You are partially covered in yellow scales (AC +2). [demonic ancestry]
  1281 | D:3      | Reached XP level 5. HP: 30/41 MP: 6/8
  1403 | D:3      | Noticed Natasha
  1409 | D:3      | Killed Natasha
  1422 | D:3      | Noticed cluie's ghost (amateur DsTm)
  1512 | D:3      | Killed cluie's ghost
  1512 | D:3      | Reached skill level 4 in Fighting
  1512 | D:3      | Reached XP level 6. HP: 16/48 MP: 6/9
  1598 | D:3      | Noticed Natasha
  1604 | D:3      | Killed Natasha
  1824 | D:3      | Noticed Natasha
  1828 | D:3      | Killed Natasha
  1934 | D:4      | Reached skill level 5 in Unarmed Combat
  1934 | D:4      | Gained mutation: You are mostly covered in yellow scales (AC +3). [demonic ancestry]
  1934 | D:4      | Reached XP level 7. HP: 32/55 MP: 1/10
  2196 | D:4      | Reached skill level 5 in Fighting
  2243 | D:4      | Found a sand-covered staircase.
  2281 | Ossuary  | Entered an ossuary
  2517 | Ossuary  | Killed Menkaure
  2808 | D:4      | Found a staircase to the Ecumenical Temple.
  2943 | Temple   | Entered the Ecumenical Temple
  3010 | Temple   | Became a worshipper of Ru the Awakened
  3075 | D:5      | Entered Level 5 of the Dungeon
  3296 | D:5      | Gained mutation: You have sharp fingernails. [demonic ancestry]
  3296 | D:5      | Reached XP level 8. HP: 32/64 MP: 11/11
  3298 | D:5      | yes
  3369 | D:6      | Reached skill level 6 in Unarmed Combat
  3655 | D:7      | Reached skill level 5 in Dodging
  4061 | D:8      | HP: 3/65 [goblin/hand axe (1)]
  4063 | D:8      | Slain by a goblin

Vault maps used:
D:1:      mushboom_english_gardens
D:2:      old_standard_altar, grunt_temple_overflow_open, kennysheep_doodads,
          roderic_filled_cross
D:3:      first_bread, minmay_ogre_servants, uniq_natasha
D:4:      lemuel_temple_firewalk, enter_ossuary_2, kennysheep_cluttered_room
D:7:      tgw_trog
D:8:      enter_bailey_3
Temple:   eino_temple_water_12
Ossuary:  ossuary_due_pyramid

Action                   |  1- 3 |  4- 6 |  7- 9 || total
-------------------------+-------+-------+-------++-------
Melee: Unarmed           |    78 |    63 |   191 ||   332
 Cast: Beastly Appendage |     1 |     2 |       ||     3
       Sticks to Snakes  |       |     8 |     8 ||    16
  Use: Scroll            |       |    11 |    10 ||    21
       Potion            |       |       |     1 ||     1
 Stab: Sleeping          |     1 |       |     2 ||     3
       Distracted        |       |     1 |       ||     1
  Eat: Chunk             |     1 |     3 |     3 ||     7
       Meat ration       |       |       |     1 ||     1
       Bread ration      |       |       |     1 ||     1
